BSA
HENDERSONVILLE HITMEN @ BIRMINGHAM STEELDOGS
08/19/2024
 
TOP OF THE 1ST
Hendersonville Hitmen batting - Pitching for Birmingham Steeldogs : RHP Barton Johnson
Pitching: RHP Barton Johnson
Batting: RHB Carlos García 0-0: Foul Ball, location: 2F
0-1: Ball
1-1: Ball
2-1: SOLO HOME RUN (Flyball, 7D), Distance : 384 ft
Batting: RHB Robert Buckley 0-0: Foul Ball, location: 2F
0-1: Ball
1-1: Called Strike
1-2: Strikes out swinging
Batting: RHB Manolo Román 0-0: Ball
1-0: Ball
2-0: Ball
3-0: Ground out 5-3 (Groundball, 56)
Batting: LHB Lorenzo Villa 0-0: Swinging Strike
0-1: Ball
1-1: Ball
2-1: Called Strike
2-2: Strikes out swinging
Top of the 1st over - 1 run(s), 1 hit(s), 0 error(s), 0 left on base; Hendersonville 1 - Birmingham 0
BOTTOM OF THE 1ST
Birmingham Steeldogs batting - Pitching for Hendersonville Hitmen : LHP Simon Martel
Pitching: LHP Simon Martel
Batting: LHB José Sánchez 0-0: Swinging Strike
0-1: SINGLE (Line Drive, 34D)
Batting: LHB Glenn Garrett 0-0: Ball
1-0: Called Strike
1-1: Grounds into double play, 3-6-3 (Groundball, 3)
Batting: LHB Chris Miller 0-0: Called Strike
0-1: Foul Ball, location: 2F
0-2: Ball
1-2: Ball
2-2: Ball
3-2: Foul Ball, location: 2F
3-2: Foul Ball, location: 2F
3-2: Ground out 3-1 (Groundball, 3)
Bottom of the 1st over - 0 run(s), 1 hit(s), 0 error(s), 0 left on base; Hendersonville 1 - Birmingham 0
TOP OF THE 2ND
Hendersonville Hitmen batting - Pitching for Birmingham Steeldogs : RHP Barton Johnson
Batting: RHB Alonso Holguín 0-0: Foul Ball, location: 2F
0-1: Called Strike
0-2: Ball
1-2: Foul Ball, location: 2F
1-2: Ball
2-2: Ball
3-2: Base on Balls
Batting: LHB Jerry Johnston 0-0: Ball
1-0: Ball
2-0: 2-RUN HOME RUN (Flyball, 89XD), Distance : 386 ft
Batting: LHB Pedro Padilla 0-0: Ball
1-0: Called Strike
1-1: Ball
2-1: Ball
3-1: Base on Balls
Batting: RHB Junior Vargas 0-0: Ball
1-0: Called Strike
1-1: Foul Ball, location: 2F
1-2: Strikes out looking
Batting: RHB Taylor McFarland 0-0: Called Strike
0-1: Swinging Strike
0-2: Foul Ball, location: 2F
0-2: Ball
1-2: SINGLE (Line Drive, 34)
Pedro Padilla to second
Batting: RHB Carlos García 0-0: Ball
1-0: Called Strike
1-1: Foul Ball, location: 2F
1-2: Ball
2-2: Ball
Passed Ball!
Pedro Padilla to third
Taylor McFarland to second
3-2: Fly out, F7 (Line Drive, 7D)
Runner from 3rd tags up, SCORES, no throw
Taylor McFarland to third
Batting: RHB Robert Buckley 0-0: Ball
1-0: Ball
2-0: SINGLE (Line Drive, 6D)
Taylor McFarland scores
Batting: RHB Manolo Román 0-0: Ball
1-0: Called Strike
1-1: Swinging Strike
1-2: Ball
2-2: Fielders Choice at 2nd, 5-4 (Groundball, 5)
Top of the 2nd over - 4 run(s), 3 hit(s), 0 error(s), 0 left on base; Hendersonville 5 - Birmingham 0
BOTTOM OF THE 2ND
Birmingham Steeldogs batting - Pitching for Hendersonville Hitmen : LHP Simon Martel
Batting: LHB Arturo Molina 0-0: Called Strike
0-1: Ball
1-1: Ball
2-1: Ball
3-1: Called Strike
3-2: Fly out, F7 (Popup, 56D)
Batting: RHB Raúl Soto 0-0: Swinging Strike
0-1: Called Strike
0-2: Strikes out looking
Batting: SHB Jesús Ramírez 0-0: Foul Ball, location: 2F
0-1: Ground out 4-3 (Groundball, 4)
Bottom of the 2nd over - 0 run(s), 0 hit(s), 0 error(s), 0 left on base; Hendersonville 5 - Birmingham 0
TOP OF THE 3RD
Hendersonville Hitmen batting - Pitching for Birmingham Steeldogs : RHP Barton Johnson
Batting: LHB Lorenzo Villa 0-0: Ball
1-0: Ball
2-0: Ball
3-0: Called Strike
3-1: SOLO HOME RUN (Flyball, 89XD), Distance : 407 ft
Batting: RHB Alonso Holguín 0-0: Called Strike
0-1: Ground out 5-3 (Groundball, 5)
Batting: LHB Jerry Johnston 0-0: Called Strike
0-1: Foul Ball, location: 2F
0-2: Ball
1-2: Ball
2-2: Ground out 4-3 (Groundball, 4)
Batting: LHB Pedro Padilla 0-0: Foul Ball, location: 2F
0-1: Ball
1-1: Ball
2-1: Foul Ball, location: 2F
2-2: Ball
3-2: Foul Ball, location: 2F
3-2: SINGLE (Groundball, 6MD)
Batting: RHB Junior Vargas 0-0: Called Strike
0-1: Ball
1-1: Ball
2-1: Swinging Strike
2-2: Strikes out swinging
Top of the 3rd over - 1 run(s), 2 hit(s), 0 error(s), 1 left on base; Hendersonville 6 - Birmingham 0
BOTTOM OF THE 3RD
Birmingham Steeldogs batting - Pitching for Hendersonville Hitmen : LHP Simon Martel
Batting: LHB Mitchell Oglethorpe 0-0: Called Strike
0-1: Ball
1-1: Reached on error, E5 (Groundball, 56S)
Batting: LHB Ben Kelley 0-0: Called Strike
0-1: Foul Ball, location: 2F
0-2: Ball
1-2: Ball
2-2: Ball
3-2: Grounds into double play, 4-6-3 (Groundball, 4)
Batting: RHB Paço Ttes 0-0: Swinging Strike
0-1: Ground out 5-3 (Groundball, 56S)
Bottom of the 3rd over - 0 run(s), 0 hit(s), 1 error(s), 0 left on base; Hendersonville 6 - Birmingham 0
TOP OF THE 4TH
Hendersonville Hitmen batting - Pitching for Birmingham Steeldogs : RHP Barton Johnson
Batting: RHB Taylor McFarland 0-0: Swinging Strike
0-1: Ground out 1-3 (Groundball, 13S)
Batting: RHB Carlos García 0-0: SINGLE (Groundball, 6MD)
Batting: RHB Robert Buckley 0-0: Foul Ball, location: 2F
0-1: Ball
1-1: Foul Ball, location: 2F
1-2: Strikes out swinging
Batting: RHB Manolo Román 0-0: Called Strike
0-1: Swinging Strike
0-2: Foul Ball, location: 2F
0-2: Ball
1-2: Ball
2-2: Fly out, F9 (Flyball, 9M)
Top of the 4th over - 0 run(s), 1 hit(s), 0 error(s), 1 left on base; Hendersonville 6 - Birmingham 0
BOTTOM OF THE 4TH
Birmingham Steeldogs batting - Pitching for Hendersonville Hitmen : LHP Simon Martel
Batting: LHB José Sánchez 0-0: Ball
1-0: Foul Ball, location: 2F
1-1: Fly out, F2 (Popup, 2RF)
Batting: LHB Glenn Garrett 0-0: Called Strike
0-1: Ball
1-1: Foul Ball, location: 2F
1-2: Ball
2-2: SINGLE (Line Drive, 89S)
Batting: LHB Chris Miller 0-0: Called Strike
0-1: Called Strike
0-2: Ball
1-2: Ball
2-2: Grounds into double play, U4-3 (Groundball, 4)
Bottom of the 4th over - 0 run(s), 1 hit(s), 0 error(s), 0 left on base; Hendersonville 6 - Birmingham 0
TOP OF THE 5TH
Hendersonville Hitmen batting - Pitching for Birmingham Steeldogs : RHP Barton Johnson
Batting: LHB Lorenzo Villa 0-0: Foul Ball, location: 2F
0-1: Ball
1-1: SINGLE (Line Drive, 89S)
Batting: RHB Alonso Holguín 0-0: Ball
1-0: Fly out, F7 (Flyball, 78S)
Batting: LHB Jerry Johnston 0-0: Called Strike
0-1: Called Strike
0-2: Ball
1-2: Foul Ball, location: 2F
1-2: Ball
2-2: DOUBLE (Groundball, 3L)
Lorenzo Villa to third
Batting: LHB Pedro Padilla 0-0: Called Strike
0-1: Ball
1-1: Ground out 3-1 (Groundball, 34S)
Lorenzo Villa scores
Jerry Johnston to third
Pitching: RHP Michel Dallaire
Batting: RHB Junior Vargas 0-0: Foul Ball, location: 2F
0-1: Ground out 5-3 (Groundball, 56S)
Top of the 5th over - 1 run(s), 2 hit(s), 0 error(s), 1 left on base; Hendersonville 7 - Birmingham 0
BOTTOM OF THE 5TH
Birmingham Steeldogs batting - Pitching for Hendersonville Hitmen : LHP Simon Martel
Batting: LHB Arturo Molina 0-0: Ball
1-0: Ground out 6-3 (Groundball, 6M)
Batting: RHB Raúl Soto 0-0: Ball
1-0: Fly out, F8 (Flyball, 8RM)
Batting: SHB Jesús Ramírez 0-0: Swinging Strike
0-1: Swinging Strike
0-2: Foul Ball, location: 2F
0-2: Ball
1-2: DOUBLE (Flyball, 7LD)
Batting: LHB Mitchell Oglethorpe 0-0: Ball
1-0: Foul Ball, location: 2F
1-1: SINGLE (Groundball, 5D)
Jesús Ramírez to third
Runner from 3rd tries for Home, SAFE, no throw or cutoff
Batting: LHB Ben Kelley 0-0: Called Strike
0-1: Fly out, F7 (Popup, 78S)
Bottom of the 5th over - 1 run(s), 2 hit(s), 0 error(s), 1 left on base; Hendersonville 7 - Birmingham 1
TOP OF THE 6TH
Hendersonville Hitmen batting - Pitching for Birmingham Steeldogs : RHP Michel Dallaire
Batting: RHB Taylor McFarland 0-0: Foul Ball, location: 2F
0-1: Foul Ball, location: 2F
0-2: Ball
1-2: Strikes out swinging
Batting: RHB Carlos García 0-0: Foul Ball, location: 2F
0-1: Ball
1-1: Ball
2-1: Ball
3-1: Foul Ball, location: 2F
3-2: Foul Ball, location: 2F
3-2: Base on Balls
Batting: RHB Robert Buckley 0-0: Called Strike
Carlos García is caught stealing 2nd base
0-1: Called Strike
0-2: Ball
1-2: Ground out 1-3 (Groundball, 23)
Top of the 6th over - 0 run(s), 0 hit(s), 0 error(s), 0 left on base; Hendersonville 7 - Birmingham 1
BOTTOM OF THE 6TH
Birmingham Steeldogs batting - Pitching for Hendersonville Hitmen : LHP Simon Martel
Batting: RHB Paço Ttes 0-0: Ball
1-0: Fly out, F9 (Flyball, 9M)
Batting: LHB José Sánchez 0-0: SINGLE (Line Drive, 8RS)
Batting: LHB Glenn Garrett 0-0: Ball
1-0: Foul Ball, location: 2F
1-1: Foul Ball, location: 2F
1-2: Ball
2-2: Ball
3-2: Grounds into double play, 1-4-3 (Groundball, 13)
Bottom of the 6th over - 0 run(s), 1 hit(s), 0 error(s), 0 left on base; Hendersonville 7 - Birmingham 1
TOP OF THE 7TH
Hendersonville Hitmen batting - Pitching for Birmingham Steeldogs : RHP Michel Dallaire
Batting: RHB Manolo Román 0-0: Called Strike
0-1: Foul Ball, location: 2F
0-2: Strikes out swinging
Batting: LHB Lorenzo Villa 0-0: Called Strike
0-1: Ball
1-1: Foul Ball, location: 2F
1-2: Ground out 5-3 (Groundball, 15S)
Batting: RHB Alonso Holguín 0-0: Ball
1-0: Foul Ball, location: 2F
1-1: Swinging Strike
1-2: Foul Ball, location: 2F
1-2: Strikes out looking
Top of the 7th over - 0 run(s), 0 hit(s), 0 error(s), 0 left on base; Hendersonville 7 - Birmingham 1
BOTTOM OF THE 7TH
Birmingham Steeldogs batting - Pitching for Hendersonville Hitmen : LHP Simon Martel
Batting: LHB Chris Miller 0-0: Ball
1-0: Ball
2-0: Ball
3-0: Called Strike
3-1: Ground out 4-3 (Groundball, 34)
Batting: LHB Arturo Molina 0-0: Foul Ball, location: 2F
0-1: Ball
1-1: Ball
2-1: Swinging Strike
2-2: Fly out, F7 (Flyball, 78M)
Batting: RHB Raúl Soto 0-0: Ball
1-0: Ball
2-0: Fly out, F8 (Flyball, 8LD)
Bottom of the 7th over - 0 run(s), 0 hit(s), 0 error(s), 0 left on base; Hendersonville 7 - Birmingham 1
TOP OF THE 8TH
Hendersonville Hitmen batting - Pitching for Birmingham Steeldogs : RHP Michel Dallaire
Pitching: RHP Vinícius Itaquy
Batting: LHB Jerry Johnston 0-0: Ball
1-0: Swinging Strike
1-1: Foul Ball, location: 2F
1-2: Ball
2-2: SINGLE (Line Drive, 9S)
Batting: LHB Pedro Padilla 0-0: Called Strike
0-1: Swinging Strike
0-2: Strikes out swinging
Batting: RHB Junior Vargas 0-0: Swinging Strike
0-1: Foul Ball, location: 2F
0-2: Fly out, F8 (Flyball, 8LD)
Batting: RHB Taylor McFarland 0-0: Ball
1-0: Swinging Strike
1-1: Ball
2-1: Reached on error, E6 (Groundball, 6)
Jerry Johnston to second
Batting: RHB Carlos García 0-0: Foul Ball, location: 2F
0-1: Ball
1-1: Called Strike
1-2: Ball
2-2: Foul Ball, location: 2F
2-2: Strikes out swinging
Top of the 8th over - 0 run(s), 1 hit(s), 1 error(s), 2 left on base; Hendersonville 7 - Birmingham 1
BOTTOM OF THE 8TH
Birmingham Steeldogs batting - Pitching for Hendersonville Hitmen : LHP Simon Martel
Pitching: RHP Héctor Reyes
Batting: SHB Jesús Ramírez 0-0: Ball
1-0: Called Strike
1-1: Ball
2-1: SOLO HOME RUN (Flyball, 89XD), Distance : 397 ft
Batting: LHB Mitchell Oglethorpe 0-0: Ball
1-0: Called Strike
1-1: Foul Ball, location: 2F
1-2: Ball
2-2: Foul Ball, location: 2F
2-2: Foul Ball, location: 2F
2-2: DOUBLE (Line Drive, 89D)
Batting: LHB Ben Kelley 0-0: Called Strike
0-1: Ball
1-1: Fly out, F7 (Flyball, 7S)
Batting: RHB Paço Ttes 0-0: Swinging Strike
0-1: Swinging Strike
0-2: Ball
1-2: Strikes out swinging
Batting: LHB José Sánchez 0-0: Called Strike
0-1: Ball
1-1: Ball
2-1: Ball
3-1: Base on Balls
Batting: LHB Glenn Garrett 0-0: Ball
1-0: Ground out U3 (Groundball, 3S)
Bottom of the 8th over - 1 run(s), 2 hit(s), 0 error(s), 2 left on base; Hendersonville 7 - Birmingham 2
TOP OF THE 9TH
Hendersonville Hitmen batting - Pitching for Birmingham Steeldogs : RHP Vinícius Itaquy
Batting: RHB Robert Buckley 0-0: Ball
1-0: Called Strike
1-1: Foul Ball, location: 2F
1-2: Ground out 4-3 (Groundball, 4)
Batting: RHB Manolo Román 0-0: Called Strike
0-1: Foul Ball, location: 2F
0-2: Foul Ball, location: 2F
0-2: Ball
1-2: Ball
2-2: Foul Ball, location: 2F
2-2: SINGLE (Groundball, 56D)
Batting: LHB Lorenzo Villa 0-0: Ball
1-0: Foul Ball, location: 2F
1-1: DOUBLE (Line Drive, 8LD)
Manolo Román to third
Batting: RHB Alonso Holguín 0-0: Foul Ball, location: 2F
0-1: Foul Ball, location: 2F
0-2: Strikes out swinging
Batting: LHB Jerry Johnston 0-0: Fly out, F7 (Flyball, 7M)
Top of the 9th over - 0 run(s), 2 hit(s), 0 error(s), 2 left on base; Hendersonville 7 - Birmingham 2
BOTTOM OF THE 9TH
Birmingham Steeldogs batting - Pitching for Hendersonville Hitmen : RHP Héctor Reyes
Pitching: RHP Edward Cadle
Batting: LHB Chris Miller 0-0: Ball
1-0: Called Strike
1-1: Ground out 6-3 (Groundball, 6M)
Batting: LHB Arturo Molina 0-0: Called Strike
0-1: Ball
1-1: Called Strike
1-2: Strikes out swinging
Batting: RHB Raúl Soto 0-0: Called Strike
0-1: Called Strike
0-2: Ball
1-2: Ground out 6-3 (Groundball, 6)
Bottom of the 9th over - 0 run(s), 0 hit(s), 0 error(s), 0 left on base; Hendersonville 7 - Birmingham 2
This league is powered by Out of the Park Baseball, the baseball management simulation game for PC, Mac and Linux
Saturday, April 9th, 2016 - OOTP Baseball 16.8 Build 38